 Dungeon Crawl Stone Soup version 0.30-a0-465-g8901f6c8b5 (webtiles) character file.

Game seed: 4371916325677755105

360033 Armakuni the Fencer (level 21, -3/184 HPs)
             Began as a Demonspawn Gladiator on Dec 18, 2022.
             Was an Initiate of Gozag.
             Slain by Mennas
             ... wielding a +2 sacred scourge of holy wrath
              (24 damage)
             ... on level 3 of the Vaults.
             The game lasted 02:49:52 (50936 turns).

Armakuni the Fencer (Demonspawn Gladiator)         Turns: 50936, Time: 02:49:53

Health: -3/184     AC: 30    Str: 27    XL:     21   Next: 47%
Magic:  21/21      EV: 20    Int: 17    God:    Gozag
Gold:   587        SH: 24    Dex: 23    Spells: 14/20 levels left

rFire   . . .      SeeInvis .    a - +4 Maxwell's thermic engine {flame, freeze}
rCold   + + +      Faith    .    v - +5 kite shield {reflect}
rNeg    + + +      Spirit   .    z - +8 ice dragon scales "Kuofen" {rF- rC++ Will+}
rPois   +          Reflect  +    D - +0 hat {Will+}
rElec   .          Harm     .    l - +2 cloak {Will+}
rCorr   .          Rampage  .    (gloves unavailable)
Will    +++..                    S - +0 pair of boots
Stlth   ..........               H - amulet "Lyhojeetz" {Reflect Str+3 Dex+4 SH+5}
HPRegen 0.50/turn                P - ring "Ulanotzo" {rPois rF+ rC+++ Will- Dex-2}
MPRegen 0.17/turn                N - ring "Atuagh" {rN+++ Str+6 Int+6 Stlth-}

@: mighty, hasted, glowing, studying 2 skills, silenced, very quick
A: demonic guardian 3, ignite blood 2, robust 1, sharp scales 2, demonic touch 3
}: 2/15 runes: barnacled, gossamer
a: Renounce Religion


You were on level 3 of the Vaults.
You worshipped Gozag.
Gozag was pleased with you.
You visited 8 branches of the dungeon, and saw 37 of its levels.
You visited 1 bazaar.
You also visited: Gauntlet, Ice Cave and Wizlab.

You collected 20283 gold pieces.
You spent 8989 gold pieces at shops.
You paid 10707 gold pieces to Gozag.

Inventory:

Hand Weapons
 a - the +4 Maxwell's thermic engine (weapon) {flame, freeze}
   (You bought it in a shop on level 1 of the Lair of Beasts)

   It burns those it strikes, dealing additional fire damage.
   Big, fiery blades are also staple armaments of hydra-hunters.
   It freezes those it strikes, dealing additional cold damage.
   It can also slow down cold-blooded creatures.
   It becomes more effective when it hits something.
   This effect fades over time.
 b - a +3 vorpal double sword
Missiles
 d - 2 throwing nets (quivered)
 e - 28 javelins
 q - 30 boomerangs
 A - 5 curare-tipped darts
 K - 14 silver javelins
 V - 3 silver boomerangs
Armour
 l - a +2 cloak of willpower (worn)
 v - a +5 kite shield of reflection (worn)
 z - the +8 ice dragon scales "Kuofen" (worn) {rF- rC++ Will+}
   (You bought it in a shop on level 1 of the Lair of Beasts)

   rF:        It makes you vulnerable to fire.
   rC:        It greatly protects you from cold.
   Will:      It increases your willpower.
 D - a +0 hat of willpower (worn)
 I - the +0 hat "Lahoef" {rElec rC++ Stlth-}
   (You found it on level 2 of the Orcish Mines)

   rC:        It greatly protects you from cold.
   rElec:     It insulates you from electricity.
   Stlth:     It makes you less stealthy.
 S - a +0 pair of boots (worn)
Jewellery
 H - the amulet "Lyhojeetz" (around neck) {Reflect Str+3 Dex+4 SH+5}
   (You bought it in a shop on level 7 of the Dungeon)

   [amulet of reflection]

   It reflects blocked missile attacks.
   Str:       It affects your strength (+3).
   Dex:       It affects your dexterity (+4).
   SH:        It affects your SH (+5).
 N - the ring "Atuagh" (right hand) {rN+++ Str+6 Int+6 Stlth-}
   (You found it on level 3 of the Elven Halls)

   [ring of strength]

   Str:       It affects your strength (+6).
   Int:       It affects your intelligence (+6).
   rN:        It renders you almost immune to negative energy.
   Stlth:     It makes you less stealthy.
 P - the ring "Ulanotzo" (left hand) {rPois rF+ rC+++ Will- Dex-2}
   (You found it on level 3 of the Elven Halls)

   [ring of protection from fire]

   Dex:       It affects your dexterity (-2).
   rF:        It protects you from fire.
   rC:        It renders you almost immune to cold.
   rPois:     It protects you from poison.
   Will:      It decreases your willpower.
Wands
 j - a wand of iceblast (19)
 k - a wand of digging (8)
 p - a wand of flame (6)
 G - a wand of paralysis (4)
 U - a wand of light (18)
Scrolls
 i - 8 scrolls of enchant armour
 r - 10 scrolls of noise
 y - 2 scrolls of amnesia
 B - 20 scrolls of identify
 J - a scroll of immolation
 L - 10 scrolls of teleportation
 M - 4 scrolls of silence
 O - 5 scrolls of magic mapping
 T - 6 scrolls of vulnerability
 X - 4 scrolls of blinking
 Y - 5 scrolls of fog
 Z - 9 scrolls of fear
Potions
 f - 2 potions of invisibility
 g - 6 potions of cancellation
 h - 2 potions of heal wounds
 n - 11 potions of lignification
 o - 8 potions of mutation
 s - 5 potions of brilliance
 u - a potion of ambrosia
 w - 3 potions of resistance
 x - 4 potions of haste
 C - 4 potions of might
 E - 2 potions of magic
 F - 10 potions of curing
 Q - 6 potions of flight
Miscellaneous
 c - a condenser vane
 m - a phantom mirror
 t - a tin of tremorstones (2/2)


   Skills:
 - Level 15.0 Fighting
 - Level 19.5 Long Blades
 - Level 12.4 Staves
 - Level 12.8 Throwing
 - Level 15.0 Armour
 - Level 15.0 Dodging
 + Level 11.8 Shields
 - Level 6.8 Evocations


You had 14 spell levels left.
You knew the following spells:

 Your Spells              Type           Power      Damage    Failure   Level
b - Blink                 Tloc           0%         N/A       82%         2
m - Iskenderun's Mystic   Conj/Tloc      0%         2d3       100%        4

Your spell library contained the following spells:

 Spells                   Type           Power      Damage    Failure   Level
 Apportation              Tloc           0%         N/A       67%         1
 Foxfire                  Conj/Fire      0%         2x1d4     67%         1
 Freeze                   Ice            0%         1d3       67%         1
 Kiss of Death            Conj/Necr      0%         2d5       67%         1
 Magic Dart               Conj           0%         1d3       67%         1
 Necrotise                Necr           0%         1d4       67%         1
 Shock                    Conj/Air       0%         1d3       67%         1
 Slow                     Hex            0%         N/A       67%         1
 Summon Small Mammal      Summ           0%         N/A       67%         1
 Call Imp                 Summ           0%         N/A       82%         2
 Cigotuvi's Dreadful Rot  Necr/Pois/Air  0%         N/A       82%         2
 Momentum Strike          Conj/Tloc      0%         3d8       82%         2
 Dazzling Flash           Conj/Hex       0%         N/A       96%         3
 Frozen Ramparts          Ice            0%         1d1       96%         3
 Hailstorm                Conj/Ice       0%         3d3       96%         3
 Inner Flame              Hex/Fire       0%         N/A       96%         3
 Kindle Blastsparks       Fire/Tloc/Air  0%         2d10      96%         3
 Lesser Beckoning         Tloc           0%         N/A       96%         3
 Mephitic Cloud           Conj/Pois/Air  0%         N/A       96%         3
 Ozocubu's Armour         Ice            0%         N/A       96%         3
 Portal Projectile        Hex/Tloc       0%         N/A       96%         3
 Swiftness                Air            0%         N/A       96%         3
 Tukima's Dance           Hex            0%         N/A       96%         3
 Vampiric Draining        Necr           0%         2d6       96%         3
 Airstrike                Air            0%         2d(0-16)  100%        4
 Anguish                  Hex/Necr       0%         N/A       100%        4
 Cause Fear               Hex            0%         N/A       100%        4
 Dispel Undead            Necr           0%         3d6       100%        4
 Fulminant Prism          Conj/Hex       0%         3d5       100%        4
 Ice Form                 Ice/Tmut       0%         N/A       100%        4
 Leda's Liquefaction      Hex/Erth       0%         N/A       100%        4
 Summon Ice Beast         Ice/Summ       0%         N/A       100%        4
 Summon Lightning Spire   Summ/Air       0%         N/A       100%        4
 Arcjolt                  Conj/Air       0%         1d10      100%        5
 Blade Hands              Tmut           0%         N/A       100%        5
 Borgnjor's Vile Clutch   Necr/Erth      0%         N/A       100%        5
 Fireball                 Conj/Fire      0%         3d3       100%        5
 Iskenderun's Battlesphe  Conj           0%         2d6       100%        5
 Lee's Rapid Deconstruct  Erth           0%         3d4*      100%        5
 Lightning Bolt           Conj/Air       0%         1d11      100%        5
 Metabolic Englaciation   Hex/Ice        0%         N/A       100%        5
 Summon Mana Viper        Hex/Summ       0%         N/A       100%        5
 Yara's Violent Unravell  Hex/Tmut       0%         3d3       100%        5
 Death Channel            Necr           0%         N/A       100%        6
 Iron Shot                Conj/Erth      0%         9d1       100%        6
 Starburst                Conj/Fire      0%         6d3       100%        6
 Statue Form              Tmut/Erth      0%         N/A       100%        6
 Dragon Form              Tmut           0%         N/A       100%        7
 Enfeeble                 Hex            0%         N/A       100%        7
 Monstrous Menagerie      Summ           0%         N/A       100%        7
 Ozocubu's Refrigeration  Ice            0%         4d7       100%        7
 Spellforged Servitor     Conj/Summ      0%         N/A       100%        7
 Borgnjor's Revivificati  Necr           0%         N/A       100%        8
 Discord                  Hex            0%         N/A       100%        8
 Maxwell's Capacitive Co  Air            0%         ∞         100%        8
 Necromutation            Tmut/Necr      0%         N/A       100%        8
 Death's Door             Necr           0%         N/A       100%        9
 Dragon's Call            Summ           0%         N/A       100%        9
 Simulacrum               Ice/Necr       Unusable   N/A       N/A         6

Dungeon Overview and Level Annotations

Branches:
Dungeon (15/15)            Temple (1/1) D:7            Lair (5/5) D:10
 Shoals (4/4) Lair:2       Spider (4/4) Lair:3        Slime (0/5) Lair:4
    Orc (2/2) D:9             Elf (3/3) Orc:2        Vaults (3/5) D:14
  Crypt (0/3) Vaults:3     Depths (0/4) D:15          IceCv (visited)
 WizLab (visited)         Gauntlet (visited)

Altars:
Ashenzari
Cheibriados
Dithmenos
Fedhas
Gozag
Hepliaklqana
Kikubaaqudgha
Makhleb
Nemelex Xobeh
Okawaru
Qazlal
Ru
Sif Muna
Trog
Uskayaw
Vehumet
Wu Jian
Xom
Yredelemnul
Jiyva

Shops:
D:5 (   D:7 =?*[[   Orc:2 *:(*(   Lair:1 [[(:[[   Shoals:1 :   Shoals:4 *
Vaults:1 ==   Vaults:2 !

Portals:
Trove: D:11 (give 2 scrolls of acquirement)

Annotations:
D:9 2 transporters
Elf:2 5 runed translucent doors, exclusion: 5 doors
Vaults:3 Mennas


Innate Abilities, Weirdness & Mutations

A powerful demonic guardian rushes to your aid.
Your demonic aura often causes spilled blood to erupt in flames.
You are robust. (+10% HP)
You are mostly covered in razor-sharp scales. (AC +2, Slay +2)
Your touch may irresistibly damage your foes and sap their willpower.


Message History

Mennas blocks your attack.
Mennas hits you with a +2 sacred scourge of holy wrath!
You convulse.
Mennas completely misses you. Mennas blocks your attack.
Mennas becomes audible again.
Mennas completely misses you. You block Mennas's attack.
You closely miss Mennas.
Mennas gestures frantically.
Mennas's surroundings become eerily quiet.
Mennas blocks your attack.
Mennas hits you with a +2 sacred scourge of holy wrath!
You convulse!
Mennas hits you with a +2 sacred scourge of holy wrath!
You convulse!
You hit Mennas but do no damage. You block Mennas's attack.
Mennas hits you with a +2 sacred scourge of holy wrath!
You convulse!!
* * * LOW HITPOINT WARNING * * *
Mennas blocks your attack.
Magic scrolls do not work when you're silenced!
Okay, then.
Okay, then.
Unknown command.
Magic scrolls do not work when you're silenced!
Unknown command.
Unknown command.
Mennas blocks your attack. You block Mennas's attack.
Mennas closely misses you.
You hit Mennas. You burn Mennas. You freeze Mennas.
Mennas is lightly wounded.
Mennas misses you. Mennas hits you but does no damage.
You hit Mennas but do no damage.
Mennas is lightly wounded.
You block Mennas's attack. Mennas hits you but does no damage.
Mennas blocks your attack.
Mennas is lightly wounded.
Mennas hits you with a +2 sacred scourge of holy wrath!!
* * * LOW HITPOINT WARNING * * *
A demonic guardian appears!
You convulse!!
You die...
Your body crumbles into a pile of gold.

...# ...# ...#
...#
...###########
...+......##.##
###
...#..###.....###
##.# ...'.##
###.....###..#
...###
##.##.@1...# ...#
######A#### ...#
#.....T# ...#
#.....T# ...#
#......# ...#
#......# ...#
#......# +###
#......# #......#


You could see Mennas (silencing, ally target), 2 deep trolls and a friendly Hell
Sentinel (summoned, unsilenced).

Vanquished Creatures
  Head Instructor (WizLab)
  Bai Suzhen (Spider:4)
  Nikola (Shoals:1)
  Arachne (Spider:4)
  Zenata (Vaults:2)
  Asterion (Elf:1)
  A quicksilver dragon (WizLab)
  Mlioglotl (Spider:2)
  4 deep elf blademasters (Elf:3)
  2 deep elf master archers (Elf:3)
  An ancient champion (Vaults:3)
  Frances (Spider:2)
  2 sphinxes (Vaults:2)
  Gastronok (Lair:2)
  5 tengu reavers
  Donald (Vaults:2)
  The ghost of Uhiorcha the Pyromancer, an adept DEFE of Vehumet (Elf:1)
  Ilsuiw (Shoals:4)
  Roxanne (Shoals:1)
  A draconian knight (WizLab)
  3 emperor scorpions
  3 fire giants
  2 deep elf sorcerers (Elf:3)
  The ghost of Taant the Earth Mage, a journeyman GrEE of Gozag (D:14)
  Louise (Shoals:1)
  A curse skull (Vaults:3)
  10 vault wardens
  2 deep elf elementalists (Elf:3)
  3 ghost moths (Spider:4)
  A war gargoyle (Vaults:1)
  2 ironbound thunderhulks
  9 ironbound preservers
  2 orc warlords
  6 very ugly things
  A stone giant (Elf:1)
  2 broodmothers
  2 deep elf demonologists
  A vampire knight (WizLab)
  An elemental wellspring (Shoals:3)
  2 minotaurs
  Azrael (D:13)
  11 deep elf annihilators
  2 spark wasps
  Snorg (D:13)
  2 merfolk javelineers (Shoals:4)
  3 deep elf death magi
  2 crystal guardians
  7 merfolk impalers
  5 great orbs of eyes
  3 yaktaur captains
  6 deep elf high priests (Elf:3)
  2 ettins
  8 entropy weavers
  5 vault guards
  8 hydras
  3 peacekeepers
  3 alligator snapping turtles
  12 centaur warriors
  4 ogre magi
  4 catoblepae
  7 ironbound frosthearts
  3 boulder beetles
  5 radroaches
  2 merfolk aquamancers
  11 two-headed ogres
  A death knight (D:15)
  An orc high priest (Orc:1)
  4 tengu warriors
  12 dancing weapons
  A naga warrior (Elf:1)
  A vampire mage (WizLab)
  A merfolk avatar (Shoals:4)
  28 death yaks
  A satyr (Shoals:1)
  A soul eater (Vaults:3)
  A hell knight (WizLab)
  23 deep elf knights
  A salamander mystic (WizLab)
  A deep troll (shapeshifter) (Elf:1)
  8 steelbarb worms
  7 pharaoh ants
  26 deep trolls
  8 sea snakes
  6 wizards
  9 orb spiders
  Lodul (D:13)
  2 sun moths
  7 necromancers
  12 deep elf archers
  8 lindwurms
  13 ironbound convokers
  4 harpies (Shoals:4)
  3 phantasmal warriors
  21 deep elf pyromancers
  26 deep elf zephyrmancers
  25 wolf spiders
  A wolf spider (shapeshifter) (Elf:3)
  3 oklob plants
  9 orc knights
  A cyclops (shapeshifter) (Elf:3)
  20 ugly things
  6 mana vipers (WizLab)
  5 orc sorcerers
  15 manticores
  A worldbinder (Gauntlet)
  8 cyclopes
  7 fauns (Shoals:1)
  4 black mambas
  11 merfolk sirens
  5 centaur zombies (D:10)
  A water nymph (shapeshifter) (Vaults:1)
  6 water nymphs
  A naga mage (WizLab)
  2 torpor snails
  An ice statue (IceCv)
  A molten gargoyle (D:13)
  3 unseen horror zombies (D:10)
  A gargoyle (D:12)
  A cane toad (shapeshifter) (D:14)
  18 cane toads
  9 vault sentinels
  41 yaktaurs
  An efreet (D:15)
  4 rime drakes
  2 unseen horrors
  A tengu conjurer (Gauntlet)
  2 kobold demonologists (D:12)
  3 demonic crawlers
  A freezing wraith (Vaults:3)
  A queen bee (shapeshifter) (D:9)
  6 trolls
  10 komodo dragons
  25 polar bears
  15 merfolk
  4 meliai (Spider:4)
  A hornet (D:8)
  25 tarantellas
  A queen bee (Gauntlet)
  4 wind drakes
  21 slime creatures
  3 snapping turtles
  5 blink frogs (Lair:3)
  11 dream sheep
  4 large abominations (Elf:1)
  An air elemental (Elf:3)
  33 jumping spiders
  22 culicivoras
  5 shadows
  11 water elementals
  5 wyverns
  11 wraiths
  4 vampires (D:10)
  A yak (shapeshifter) (D:14)
  90 yaks
  2 basilisks
  8 fire elementals
  10 humans (D:14)
  47 redbacks
  7 vampire mosquitoes
  2 steam dragons
  Menkaure (D:7)
  6 wargs
  5 acid dragons
  2 hell hounds (D:13)
  10 water moccasins
  48 orc warriors
  4 ice beasts
  A meliai simulacrum (D:11)
  10 black bears
  30 wolves
  2 boggarts
  17 centaurs
  22 ogres
  3 phantoms
  8 kobold brigands
  9 bullfrogs
  Blork the orc (D:6)
  2 scorpions
  A necrophage (D:6)
  3 gnoll sergeants
  2 elf zombies (Elf:1)
  32 wights
  6 killer bees
  3 electric eels
  The ghost of Verendum the Insei, a weakling OpTm of Ru (D:4)
  8 howler monkeys
  3 lava snakes (D:13)
  A crimson imp (Orc:2)
  6 orc priests
  7 hounds
  7 jellies
  An iron imp (Orc:2)
  9 iguanas
  27 orc wizards
  A howler monkey zombie (D:10)
  6 gnolls
  10 adders
  3 shadow imps
  17 white imps
  An ufetubus (D:11)
  2 worms
  4 dart slugs
  88 orcs
  12 ball pythons
  3 bats
  11 endoplasms
  9 giant cockroaches
  13 goblins
  8 hobgoblins
  A jackal (D:3)
  19 kobolds
  3 quokkas
  5 frilled lizards
  4 rats
  A spectral hobgoblin (D:13)
  2 bushes (Lair:3)
  A plant (Shoals:3)
1579 creatures vanquished.

Vanquished Creatures (collateral kills)
  A frost giant (Shoals:4)
  A vault warden (Vaults:2)
  An ironbound preserver (Vaults:2)
  A broodmother (Spider:3)
  A very ugly thing (Vaults:2)
  2 merfolk javelineers (Shoals:4)
  3 merfolk impalers (Shoals:4)
  A yaktaur captain (Vaults:1)
  An ironbound frostheart (Vaults:1)
  A boulder beetle (D:14)
  A dancing weapon (Elf:3)
  2 death yaks (Lair:5)
  A tengu warrior (D:14)
  3 orb spiders
  A deep elf archer (Elf:3)
  An ironbound convoker (Vaults:2)
  2 deep elf pyromancers
  A wolf spider (Spider:4)
  A cyclops (Shoals:1)
  A manticore (Shoals:1)
  A water nymph (Shoals:3)
  3 yaktaurs
  A merfolk (Shoals:4)
  3 dream sheep (Lair:5)
  A snapping turtle (Shoals:4)
  7 jumping spiders
  A culicivora (Spider:4)
  2 yaks (Lair:5)
  A basilisk (Lair:2)
  2 redbacks
  A swamp drake (Orc:2)
  A bullfrog (D:9)
  5 wights (D:9)
  An orc priest (D:9)
  A white imp (Orc:2)
  3 orcs
  An endoplasm (D:1)
  A goblin (D:3)
  A ball python (D:1)
  A bat (D:3)
  A kobold (D:3)
  A rat (D:3)
67 creatures vanquished.

Vanquished Creatures (others)
  A deep elf knight (Elf:2)
  A deep elf pyromancer (Elf:2)
  A deep elf zephyrmancer (Elf:1)
  A tengu conjurer (Gauntlet)
  A tarantella (Spider:2)
  A fire elemental (Elf:2)
  An orc wizard (Orc:2)
  2 orcs
  52 fungi
  104 plants
165 creatures vanquished.

Grand Total: 1811 creatures vanquished

Notes
Turn   | Place    | Note
-------+----------+-------------------------------------------
     0 | D:1      | Armakuni the Demonspawn Gladiator began the quest for the
                  | Orb.
     0 | D:1      | Reached XP level 1. HP: 16/16 MP: 1/1
   313 | D:1      | Reached skill level 3 in Long Blades
   358 | D:1      | Gained mutation: A weak demonic guardian rushes to your
                  | aid. [demonic ancestry]
   358 | D:1      | Reached XP level 2. HP: 21/22 MP: 2/2
  1058 | D:2      | Reached skill level 4 in Long Blades
  1058 | D:2      | Gained mutation: Your touch may inflict minor irresistible
                  | damage on your foes. [demonic ancestry]
  1058 | D:2      | Reached XP level 3. HP: 27/27 MP: 3/3
  1306 | D:2      | Reached XP level 4. HP: 33/33 MP: 4/4
  2024 | D:3      | Found a faded altar of an unknown god.
  2137 | D:3      | Found an ornate altar of the Wu Jian Council.
  2159 | D:3      | Reached skill level 5 in Long Blades
  2555 | D:3      | Found a faded altar of an unknown god.
  2559 | D:3      | Found a snail-covered altar of Cheibriados.
  2611 | D:4      | Noticed an ogre
  2614 | D:4      | Found a stormy altar of Qazlal.
  2615 | D:4      | Noticed Verendum's ghost (weakling OpTm)
  2624 | D:4      | Found a transporter.
  2625 | D:4      | Found a transporter.
  2626 | D:4      | Noticed an ogre
  2653 | D:4      | Reached XP level 5. HP: 38/38 MP: 5/5
  2661 | D:4      | Found an ancient bone altar of Kikubaaqudgha.
  2929 | D:4      | Found an opulent altar of Gozag.
  2940 | D:4      | Became a worshipper of Gozag Ym Sagoz the Greedy
  3185 | D:5      | Entered Level 5 of the Dungeon
  3208 | D:5      | Reached skill level 6 in Long Blades
  3298 | D:5      | Gained mutation: Your demonic aura sometimes causes spilled
                  | blood to erupt in flames. [demonic ancestry]
  3298 | D:5      | Reached XP level 6. HP: 43/44 MP: 6/6
  3654 | D:5      | Reached skill level 7 in Long Blades
  3689 | D:5      | Reached XP level 7. HP: 30/50 MP: 7/7
  3920 | D:5      | Found Cuvin's Weapon Shoppe.
  4061 | D:5      | Reached skill level 8 in Long Blades
  4373 | D:5      | Reached skill level 1 in Staves
  4373 | D:5      | Reached XP level 8. HP: 60/60 MP: 8/8
  4957 | D:6      | Reached skill level 5 in Staves
  4968 | D:6      | Noticed Blork the orc
  4974 | D:6      | Killed Blork the orc
  5295 | D:5      | Bought a +1 spectral lajatang for 623 gold pieces
  5364 | D:6      | Noticed a troll
  5370 | D:6      | Killed a troll
  5371 | D:6      | Reached XP level 9. HP: 32/65 MP: 9/9
  5608 | D:6      | Noticed a cyclops
  5621 | D:6      | Killed a cyclops
  6196 | D:7      | Found a staircase to the Ecumenical Temple.
  6210 | Temple   | Entered the Ecumenical Temple
  6413 | D:7      | You fall into a shaft and drop 1 floor!
  6527 | D:8      | Found a shimmering blue altar of Sif Muna.
  6621 | D:8      | Learned a level 4 spell: Iskenderun's Mystic Blast
  6666 | D:8      | Reached skill level 10 in Staves
  6729 | D:8      | Gained mutation: Your touch may inflict irresistible damage
                  | on your foes. [demonic ancestry]
  6729 | D:8      | Reached XP level 10. HP: 14/71 MP: 10/10
  7017 | D:8      | Found a blossoming altar of Fedhas.
  7312 | D:8      | Found a bloodstained altar of Trog.
  7394 | D:7      | Found Jiyze's Jewellery Emporium.
  7598 | D:7      | Found Vaemuere's Assorted Antiques.
  7609 | D:7      | Bought a lumpy yellow potion for 26 gold pieces
  7609 | D:7      | Bought a murky purple potion for 26 gold pieces
  7609 | D:7      | Bought a scroll labelled LERUFU QONT for 29 gold pieces
  7609 | D:7      | Bought a glowing scale mail for 203 gold pieces
  7764 | D:7      | Found a broken altar of Ashenzari.
  7999 | D:7      | Found Atha Vol's Antique Armour Emporium.
  8136 | D:7      | Found Hapuc's Magic Scroll Shoppe.
  8141 | D:7      | Bought a scroll of identify for 26 gold pieces
  8141 | D:7      | Bought a scroll of identify for 26 gold pieces
  8141 | D:7      | Bought a scroll of identify for 26 gold pieces
  8141 | D:7      | Bought a scroll of identify for 26 gold pieces
  8241 | D:7      | Noticed Menkaure
  8243 | D:7      | Found Xemualem's Antique Armour Emporium.
  8247 | D:7      | Killed Menkaure
  8533 | D:8      | Found a hide-covered altar of Uskayaw.
  8536 | D:8      | Noticed a +0 dagger
  8536 | D:8      | Noticed a +0 dagger
  8552 | D:8      | Noticed a two-headed ogre
  8560 | D:8      | Killed a two-headed ogre
  8689 | D:9      | Noticed an orc sorcerer
  8690 | D:9      | Noticed a deep elf pyromancer
  8692 | D:9      | Noticed an orc sorcerer
  8694 | D:9      | Killed an orc sorcerer
  8695 | D:9      | Reached skill level 1 in Evocations
  8701 | D:9      | Killed a deep elf pyromancer
  9012 | D:9      | Noticed a two-headed ogre
  9014 | D:9      | Found a staircase to the Orcish Mines.
  9021 | D:9      | Killed a two-headed ogre
  9022 | D:9      | Reached skill level 5 in Fighting
  9022 | D:9      | Reached XP level 11. HP: 66/80 MP: 11/11
  9458 | D:9      | Reached skill level 5 in Evocations
  9514 | D:9      | Noticed an orc knight
  9535 | D:9      | Killed an orc knight
  9563 | D:9      | Noticed a wizard
  9567 | D:9      | Killed a wizard
  9656 | D:7      | Bought the amulet "Lyhojeetz" {Reflect Str+3 Dex+4 SH+5}
                  | for 672 gold pieces
  9968 | D:9      | Killed an orc sorcerer
  9976 | D:9      | Identified the +1 plate armour of Hocukaoz {Fly Will+
                  | Str+3}
 10178 | D:9      | Found a transporter.
 10190 | D:9      | Found a transporter.
 10192 | D:9      | Found a transporter.
 10193 | D:9      | Found a transporter.
 10323 | D:9      | Found a sacrificial altar of Ru.
 10625 | Orc:1    | Entered Level 1 of the Orcish Mines
 10635 | Orc:1    | Noticed an orc sorcerer
 10644 | Orc:1    | Killed an orc sorcerer
 10645 | Orc:1    | Reached skill level 1 in Armour
 10756 | Orc:1    | Noticed an orc knight
 10766 | Orc:1    | Killed an orc knight
 10777 | Orc:1    | Noticed an orc high priest
 10782 | Orc:1    | Reached XP level 12. HP: 74/95 MP: 12/12
 10791 | Orc:1    | Killed an orc high priest
 10913 | Orc:1    | Noticed an orc warlord
 10920 | Orc:1    | Identified a scroll of acquirement
 10921 | Orc:1    | Acquired the +1 pearl dragon scales "Xutybbau" {rF+ rN+
                  | Int+2}
 10933 | Orc:1    | Killed an orc warlord
 11303 | D:7      | Bought the ring of Wivib {rElec rN+ SInv} for 431 gold
                  | pieces
 11367 | Orc:2    | Entered Level 2 of the Orcish Mines
 11397 | Orc:2    | Noticed an ettin
 11406 | Orc:2    | Killed an ettin
 11407 | Orc:2    | Reached skill level 5 in Dodging
 11709 | Orc:2    | Found Ybrun's Assorted Antiques.
 11820 | Orc:2    | Reached skill level 5 in Armour
 12022 | Orc:2    | Bought a scroll of blinking for 247 gold pieces
 12286 | Orc:2    | Identified the +0 hat "Lahoef" {rElec rC++ Stlth-}
 12751 | Orc:2    | Found Foxzot's Book Shoppe.
 12751 | Orc:2    | Found Botzid's Weapon Boutique.
 12811 | Orc:2    | Found Acej's Weapon Boutique.
 12811 | Orc:2    | Found Fike's General Store.
 12826 | Orc:2    | Bought a scroll of identify for 28 gold pieces
 12827 | Orc:2    | Bought a scroll of teleportation for 42 gold pieces
 12928 | Orc:2    | Found a staircase to the Elven Halls.
 13188 | Orc:2    | Bought a book of Spatial Translocations for 300 gold pieces
 13267 | D:10     | Entered Level 10 of the Dungeon
 13327 | D:10     | Gained mutation: A demonic guardian rushes to your aid.
                  | [demonic ancestry]
 13327 | D:10     | Reached XP level 13. HP: 95/101 MP: 13/13
 13403 | D:10     | Found a basalt altar of Yredelemnul.
 13512 | D:10     | Found a shimmering altar of Xom.
 13514 | D:10     | Found a shimmering altar of Xom.
 13514 | D:10     | Found a shimmering altar of Xom.
 13514 | D:10     | Found a shimmering altar of Xom.
 13515 | D:10     | Found a shimmering altar of Xom.
 13515 | D:10     | Found a shimmering altar of Xom.
 13516 | D:10     | Found a shimmering altar of Xom.
 13519 | D:10     | Found a shimmering altar of Xom.
 14325 | D:10     | Found a staircase to the Lair.
 14395 | Lair:1   | Entered Level 1 of the Lair of Beasts
 14398 | Lair:1   | Bought the +2 Maxwell's thermic engine {flame, freeze} for
                  | 1320 gold pieces
 14398 | Lair:1   | Found the +2 Maxwell's thermic engine {flame, freeze}
 15140 | Lair:2   | Noticed Gastronok
 15160 | Lair:2   | Killed Gastronok
 15204 | Lair:2   | Reached skill level 1 in Shields
 15416 | Lair:2   | Found a staircase to the Shoals.
 15692 | Lair:2   | Reached skill level 5 in Shields
 15984 | Lair:2   | Reached skill level 9 in Long Blades
 16894 | Lair:3   | Found a blossoming altar of Fedhas.
 17348 | Lair:3   | Gained mutation: Your touch may irresistibly damage your
                  | foes and sap their willpower. [demonic ancestry]
 17348 | Lair:3   | Reached XP level 14. HP: 84/108 MP: 14/14
 17467 | Lair:3   | Learned a level 2 spell: Blink
 17616 | Lair:3   | Found a hole to the Spider Nest.
 17995 | Lair:3   | Reached skill level 10 in Long Blades
 18463 | Lair:4   | Reached skill level 10 in Shields
 18467 | Lair:4   | Found a viscous altar of Jiyva.
 18468 | Lair:4   | Found a staircase to the Slime Pits.
 18689 | Lair:4   | Reached skill level 11 in Long Blades
 19126 | Lair:5   | Entered Level 5 of the Lair of Beasts
 19376 | Lair:5   | Found a gate leading to a gauntlet.
 19407 | Gauntlet | Entered a Gauntlet
 19407 | Gauntlet | Found a transporter.
 19407 | Gauntlet | Found a transporter.
 19407 | Gauntlet | Found a transporter.
 19495 | Gauntlet | Found a transporter.
 19507 | Gauntlet | Found a transporter.
 19521 | Gauntlet | Found a transporter.
 19536 | Gauntlet | Found a transporter.
 19546 | Gauntlet | Found a transporter.
 19552 | Gauntlet | Found a transporter.
 19566 | Gauntlet | Found a transporter.
 19576 | Gauntlet | Found a transporter.
 19577 | Gauntlet | Found a transporter.
 19755 | Gauntlet | Identified the ring "Meppuam" {Wiz rF+ Dex+4}
 19950 | Gauntlet | Noticed an ironbound thunderhulk
 19950 | Gauntlet | Noticed a white very ugly thing
 19967 | Gauntlet | Identified the +2 pair of gloves of Servitude {rN+}
 19970 | Gauntlet | Acquired 867 gold pieces
 20030 | Lair:5   | Reached skill level 5 in Throwing
 20035 | Lair:5   | Reached skill level 12 in Long Blades
 20344 | Lair:5   | Reached XP level 15. HP: 50/113 MP: 15/15
 21038 | Lair:5   | Identified the +4 scale mail "Ilyn Leu" {rPois}
 21327 | Lair:5   | Reached skill level 13 in Long Blades
 21548 | Lair:5   | Identified the +0 scale mail of the Untouchables {Regen+}
 21764 | Lair:1   | Bought a glowing helmet for 255 gold pieces
 22282 | D:11     | Found a frozen archway.
 22303 | IceCv    | Entered an ice cave
 22798 | IceCv    | Found the +5 scythe "Finisher" {speed, eviscerate}
 23278 | D:11     | Found a portal to a secret trove of treasure.
 23323 | D:11     | Found a huge runed translucent gate.
 23323 | D:11     | Found a huge runed translucent gate.
 23326 | D:11     | Found a huge runed translucent gate.
 23327 | D:11     | Found a huge runed translucent gate.
 23368 | D:11     | Reached skill level 14 in Long Blades
 24718 | D:4      | Killed Verendum's ghost
 24975 | D:13     | Noticed Lodul
 24980 | D:13     | Killed Lodul
 25106 | D:13     | Noticed Snorg
 25112 | D:13     | Killed Snorg
 25267 | D:13     | Noticed Azrael
 25276 | D:13     | Killed Azrael
 25277 | D:13     | Gained mutation: You are partially covered in razor-sharp
                  | scales. (AC +1, Slay +1) [demonic ancestry]
 25277 | D:13     | Reached XP level 16. HP: 94/120 MP: 16/16
 25280 | D:13     | Reached skill level 10 in Throwing
 25520 | D:13     | Found a hazy altar of Hepliaklqana.
 25965 | D:13     | Identified the +2 plate armour of Naheff {+Inv Will- Regen+
                  | Int+3}
 26298 | D:14     | Noticed Taant's ghost (journeyman GrEE)
 26428 | D:14     | Found a bloodstained altar of Trog.
 26497 | D:14     | Reached skill level 15 in Long Blades
 26579 | D:14     | Found a runed translucent door.
 26769 | D:14     | Found a gate to the Vaults.
 26824 | D:14     | Killed Taant's ghost
 26865 | D:15     | Entered Level 15 of the Dungeon
 28116 | D:15     | Found a staircase to the Depths.
 28611 | Spider:1 | Entered Level 1 of the Spider Nest
 28650 | Spider:1 | Reached skill level 16 in Long Blades
 29346 | Spider:1 | Reached XP level 17. HP: 123/126 MP: 17/17
 29416 | Spider:1 | Found the +2 ratskin cloak {*Rats rPois rN+ Str-1 Int-1
                  | Dex+1}
 29673 | Spider:1 | Reached skill level 10 in Fighting
 29928 | Spider:2 | Noticed Frances
 29935 | Spider:2 | Noticed Mlioglotl
 30719 | Spider:3 | Reached skill level 10 in Dodging
 31524 | Spider:2 | Killed Mlioglotl
 31586 | Spider:2 | Killed Frances
 31587 | Spider:2 | Reached skill level 10 in Armour
 33109 | Spider:4 | Entered Level 4 of the Spider Nest
 33328 | Spider:4 | Noticed Bai Suzhen
 33506 | Spider:4 | Killed Bai Suzhen
 34493 | Spider:4 | Noticed Arachne
 34586 | Spider:4 | Gained mutation: A powerful demonic guardian rushes to your
                  | aid. [demonic ancestry]
 34586 | Spider:4 | Reached XP level 18. HP: 64/134 MP: 8/18
 34802 | Spider:4 | Killed Arachne
 34964 | Spider:4 | Got a gossamer rune of Zot
 35355 | Shoals:1 | Entered Level 1 of the Shoals
 35412 | Shoals:1 | Noticed Roxanne
 35847 | Shoals:1 | Noticed Louise
 35859 | Shoals:1 | Killed Louise
 35933 | Shoals:1 | Found Mopoqexoosk's Book Shoppe.
 35935 | Shoals:1 | Noticed Nikola
 35950 | Shoals:1 | Killed Nikola
 36409 | Shoals:1 | Killed Roxanne
 36644 | Shoals:3 | Identified the +2 leather armour of Beyond {-Tele rElec
                  | Dex+4}
 37221 | Shoals:3 | Identified the ring "Hautaus" {*Corrode rPois rN+ Int+5
                  | Slay+3}
 37647 | Shoals:4 | Entered Level 4 of the Shoals
 37857 | Shoals:4 | Got a barnacled rune of Zot
 38331 | Shoals:4 | Noticed Ilsuiw
 38648 | Shoals:4 | Killed Ilsuiw
 38735 | Shoals:4 | Got the Directory of Cold
 38749 | Shoals:4 | Found Xisyib's Gadget Gallery.
 38757 | Shoals:4 | Bought a phantom mirror for 480 gold pieces
 39977 | Lair:1   | Bought sapphire-encrusted ice dragon scales for 1690 gold
                  | pieces
 39977 | Lair:1   | Identified the +2 ice dragon scales "Zaloazet" {rF- rC++
                  | Regen+} (You bought it in a shop on level 1 of the Lair of
                  | Beasts)
 39992 | Lair:1   | Bought twisted ice dragon scales for 1690 gold pieces
 39992 | Lair:1   | Identified the +8 ice dragon scales "Kuofen" {rF- rC++
                  | Will+} (You bought it in a shop on level 1 of the Lair of
                  | Beasts)
 40137 | Elf:1    | Entered Level 1 of the Elven Halls
 40269 | Elf:1    | Found a runed translucent gate.
 40368 | Elf:1    | Gained mutation: You are mostly covered in razor-sharp
                  | scales. (AC +2, Slay +2) [demonic ancestry]
 40368 | Elf:1    | Reached XP level 19. HP: 121/140 MP: 19/19
 40798 | Elf:1    | Found a runed translucent gate.
 40798 | Elf:1    | Found a runed translucent gate.
 40801 | Elf:1    | Noticed Uhiorcha's ghost (adept DEFE)
 40881 | Elf:1    | Noticed Asterion
 41773 | Elf:1    | Got the Spellbook of the Undead
 41843 | Elf:1    | Noticed a Brimstone Fiend
 41854 | Elf:1    | Killed Asterion
 42063 | Elf:1    | Found an iron altar of Okawaru.
 42155 | Elf:2    | Found a magical portal.
 42164 | WizLab   | Entered Yara's Duelist Academy
 42683 | WizLab   | Got Yara's Compendium of Charms
 42854 | WizLab   | Noticed Cyabral
 42863 | WizLab   | Killed Cyabral the Head Instructor
 43057 | WizLab   | Got Yara's Volume of the Oath
 43249 | Elf:2    | Reached skill level 15 in Dodging
 43296 | Elf:2    | Reached skill level 15 in Armour
 43934 | Elf:2    | Found a huge runed translucent gate.
 43934 | Elf:2    | Found a huge runed translucent gate.
 43939 | Elf:2    | Found a huge runed translucent gate.
 43939 | Elf:2    | Found a huge runed translucent gate.
 43941 | Elf:2    | Found a huge runed translucent gate.
 44022 | Elf:3    | Entered Level 3 of the Elven Halls
 44061 | Elf:3    | Found the +27 heavy crossbow "Sniper" {vorpal, Acc+∞ SInv}
 44077 | Elf:3    | Found a flickering gateway to a bazaar.
 44231 | Bazaar   | Entered a bazaar
 44231 | Bazaar   | Found Cahe's Distillery.
 44231 | Bazaar   | Found Goebog's Assorted Antiques.
 44346 | Bazaar   | Found Qowkee's Book Shoppe.
 44362 | Bazaar   | Found Noxkyvon's Jewellery Emporium.
 44650 | Elf:3    | Gained mutation: You are robust. (+10% HP) [demonic
                  | ancestry]
 44650 | Elf:3    | Reached XP level 20. HP: 128/172 MP: 20/20
 45047 | Elf:3    | Identified the +6 battleaxe of the Freezing Traitor
                  | {protect, Int+4}
 45072 | Elf:3    | Found the necklace of Bloodlust {*Rage Will++ Int-3 Slay+6}
 45082 | Elf:3    | Identified the +10 flail of Disintegration {flame, rElec
                  | Will- MP+9 Int+4 Dex-3}
 45084 | Elf:3    | Got the Folio of the Atmosphere and Accompaniment
 45098 | Elf:3    | Identified the ring "Atuagh" {rN+++ Str+6 Int+6 Stlth-}
 45125 | Elf:3    | Identified the +5 arbalest of Xom's Hope {antimagic, rPois
                  | Str+3 Int+7 Dex-3}
 45223 | Elf:3    | Identified the ring "Ulanotzo" {rPois rF+ rC+++ Will-
                  | Dex-2}
 45665 | Elf:1    | Killed Uhiorcha's ghost
 45673 | Elf:1    | HP: 12/264 [minotaur/staff of cold (20)]
 46514 | Lair:1   | Bought a fading plate armour for 728 gold pieces
 46514 | Lair:1   | Identified the +2 plate armour of Kikubaaqudgha, Loving
                  | {Str+4 Int+5} (You bought it in a shop on level 1 of the
                  | Lair of Beasts)
 46620 | Vaults:1 | Entered Level 1 of the Vaults
 46636 | Vaults:1 | Reached skill level 15 in Fighting
 47309 | Vaults:1 | Reached skill level 17 in Long Blades
 48515 | Vaults:2 | Reached skill level 18 in Long Blades
 48783 | Vaults:2 | Noticed Zenata
 48802 | Vaults:2 | Gained mutation: Your demonic aura often causes spilled
                  | blood to erupt in flames. [demonic ancestry]
 48802 | Vaults:2 | Reached XP level 21. HP: 114/184 MP: 21/21
 48921 | Vaults:2 | Reached skill level 19 in Long Blades
 48943 | Vaults:2 | Killed Zenata
 49643 | Vaults:2 | Noticed Donald
 49649 | Vaults:2 | Killed Donald
 50153 | Vaults:2 | Found Facwuej's Distillery.
 50161 | Vaults:2 | Bought a potion of heal wounds for 95 gold pieces
 50865 | Vaults:3 | Found a staircase to the Crypt.
 50913 | Vaults:3 | Noticed Mennas
 50936 | Vaults:3 | Slain by Mennas

Illustrated notes

Levels and vault maps discovered:
D:1:      minmay_arrival_widening_spiral_narrow, layout_basic
D:2:      layout_loops_ring
D:3:      layout_rooms, mainiacjoe_overflow_tiny_flanked,
          nicolae_overflow_ecumenical_swirl, shapermc_ecumenical_altar_venn,
          grunt_decor_cap, minmay_guardbox
D:4:      layout_rooms, mainiacjoe_overflow_catwalk, mainiacjoe_overflow_paths,
          elyvilon_altar_5, nicolae_kikubaaqudgha_miasma_corner,
          gammafunk_ghost_smash
D:5:      layout_gridville, serial_shops, nicolae_square_shop,
          minmay_fractal_squares_5
D:6:      layout_loops_ring, hangedman_decor_slide_cut,
          minmay_misc_feat_columns, minmay_divided_ellipse, uniq_blork_the_orc
D:7:      layout_basic, lemuel_doored_altar, minmay_temple_entry_overgrown,
          serial_shops, nicolae_shop_advertising_works
          [nicolae_subvault_shop_adworks], nicolae_shop_window_shopping, shop,
          nicolae_shop_statue_plus, shop, uniq_menkaure
D:8:      layout_basic, tgw_sif, mainiacjoe_overflow_cross_hatched,
          trog_hazing_becter, dancing_weapons_uskayaw, serial_bayou_pond_b
D:9:      minmay_the_grid_3x3 [minmay_the_grid_tri_star,
          minmay_the_grid_spin_star, minmay_the_grid_medium_cups,
          minmay_the_grid_broken_lines, minmay_the_grid_armoury,
          minmay_the_grid_diamond_grid, minmay_the_grid_dragon_b,
          minmay_the_grid_minigrid_small, minmay_the_grid_prize_diamond_cup],
          layout_loops_ring, nicolae_ru_awakened_eye, tso_metal_star,
          grunt_ogre_cave, nicolae_diode_intersection
D:10:     minmay_goldmine, layout_basic, xom_shifter_show,
          mainiacjoe_overflow_six_doors_small, lair_entry_dummy, serial_undead,
          serial_undead_f, serial_undead_a, serial_undead_a, serial_undead_b
D:11:     lemuel_bear_cage, layout_rooms, serial_ice, serial_ice_l,
          serial_ice_g, serial_ice_c, serial_ice_f, serial_ice_e, serial_ice_a,
          serial_ice_b, serial_ice_n, serial_ice_h, serial_ice_d,
          portal_ice_cave_entry_imps, nicolae_trove_entry_crossroad
D:12:     nooodl_glass_maze, layout_cave_pools, serial_glass, glass_columns_b,
          glass_columns_a
D:13:     nicolae_cairo_tiling_large, layout_cross, grunt_decor_junction,
          nicolae_hepliaklqana_monster_ancestors, uniq_snorg, uniq_azrael,
          uniq_lodul
D:14:     layout_rooms, ximxim_vaults_locker_room, serial_park_gazebo
          [serial_park_minivault_5x5_7], hellmonk_ghost_happy_afterlife
D:15:     hangedman_depths_entry_civil_slaughter, layout_basic,
          hangedman_decor_growths, grunt_decor_fettered
Temple:   nicolae_temple_bog_church
Lair:1:   layout_concentric_octagons, infiniplex_staircase_pool
Lair:2:   layout_gridlike, elwin_shoals_entry_stream, lemuel_old_faithful,
          uniq_gastronok
Lair:3:   layout_chaotic_city, nicolae_spider_entry_tight_spaces, tgw_fedhas
Lair:4:   layout_misc_corridors, slime_entry_1, serial_forest,
          infiniplex_forest_split, infiniplex_forest_zigzag_1,
          infiniplex_forest_lined_2, infiniplex_forest_3_way,
          infiniplex_forest_clump_small, infiniplex_forest_lined_3_way,
          beast_lair_carwin_1, grunt_megastairs_5
Lair:5:   evilmike_catoblepas_cave, layout_loops_ring, gauntlet_entry_generic,
          st_stairs_3
Shoals:1: cheibrodos_shoals_oceanic_diplomacy, layout_shoals, serial_shops,
          shop_fountains, uniq_nikola, uniq_louise, uniq_roxanne
Shoals:2: layout_shoals, uniq_polyphemus
Shoals:3: layout_shoals, nicolae_shoals_spring_well_temple
Shoals:4: shoals_end_grunt_ice, layout_shoals, shoals_ilsuiw_ice,
          nicolae_shop_gadgets
Spider:1: cheibrodos_spider_silkery
Spider:2: layout_spider_delve, uniq_frances, uniq_mlioglotl
Spider:3: layout_spider_delve
Spider:4: grunt_spider_rune_parallel, uniq_arachne, uniq_bai_suzhen
Orc:1:    layout_caves
Orc:2:    st_orc_town, layout_caves, basic_altar, serial_shops, shop,
          hangedman_minor_magic
Elf:1:    eino_elf_arrival_sip, layout_loops_corners,
          gammafunk_ghost_fury_of_okawaru, minmay_elf_necromancy, uniq_asterion
Elf:2:    elven_hall_of_blades_hangedman_alternative [nicolae_blade_tridents],
          layout_geoelf_diagonals, mu_enter_wizlab_3
Elf:3:    minmay_elf_hall_circle, layout_rooms, serial_shops, bzr_in_the_mist
Vaults:1: v_misc_18, ontoclasm_vaults_eye, ontoclasm_vaults_ligature,
          nicolae_vaults_little_squares_2, v_rooms_1, v_rooms_6,
          dpeg_vaults_monster_row, ontoclasm_vaults_gateway, v_misc_25,
          dpeg_vaults_monster_box, nicolae_vaults_little_squares_4,
          vaults_room_pools, vaults_room_grid,
          nicolae_vaults_diagonal_hallway_7, layout_vaults_maze
Vaults:2: grunt_vaults_swirl, hangedman_vaults_impose, v_pattern_2,
          vaults_room_door_hall, nicolae_vaults_c_with_doors,
          vaults_standard_mumra_x, hangedman_vaults_unwind, v_misc_9,
          nicolae_vaults_little_squares_6, nicolae_vaults_little_squares_5,
          ontoclasm_vaults_loading_screen, ontoclasm_vaults_decontamination,
          layout_vaults_omnibox, serial_shops, shop, uniq_donald, uniq_zenata
Vaults:3: ontoclasm_vaults_hangar, nicolae_vaults_triangles, v_misc_10,
          ontoclasm_vaults_twist, minmay_crypt_entry_simple_box,
          nicolae_vaults_puzzle_piece, nicolae_vaults_quartermaster,
          hangedman_vaults_hat, v_rooms_2, grunt_vaults_focal, v_misc_12,
          vaults_room_pools, nicolae_vaults_shelves_hall, layout_vaults_ring,
          uniq_margery, uniq_mennas

Skill      XL: |  1  2  3  4  5  6  7  8  9 10 11 12 13 14 15 16 17 18 19 20 21 |
---------------+----------------------------------------------------------------+-----
Long Blades    | 3 4 5 6 7 8 9 12 14 16 18 19 | 19.5
Fighting       | 3 5 9 10 13 15 | 15.0
Staves         | 1 6 10 12 | 12.4
Evocations     | 3 6 |  6.8
Armour         | 2 7 8 11 13 15 | 15.0
Dodging        | 3 7 9 11 14 15 | 15.0
Shields        | 8 10 11 | 11.8
Throwing       | 6 9 12 | 12.8

Action                   |  1- 3 |  4- 6 |  7- 9 | 10-12 | 13-15 | 16-18 | 19-21 || total
-------------------------+-------+-------+-------+-------+-------+-------+-------++-------
Melee: Long sword        |    74 |   170 |   124 |       |       |       |       ||   368
       Punch             |     1 |     2 |     2 |       |       |       |       ||     5
       Touch             |     3 |    22 |    27 |       |       |       |       ||    52
       Lajatang          |       |       |    54 |   427 |    94 |       |       ||   575
       Double sword      |       |       |       |       |   875 |  1220 |   916 ||  3011
Throw: Throwing net      |       |     2 |     2 |     5 |       |     3 |     2 ||    14
       Javelin           |       |     2 |     1 |       |       |    18 |    15 ||    36
       Boomerang         |       |       |       |       |       |   202 |    78 ||   280
Invok: Call Merchant     |       |       |       |       |     3 |     3 |     2 ||     8
       Potion Petition   |       |       |       |       |       |     1 |     2 ||     3
Evoke: Wand              |       |       |       |     6 |    10 |    34 |     3 ||    53
       Lightning rod     |       |       |       |     6 |    10 |     5 |       ||    21
       Tin of tremorston |       |       |       |     3 |     6 |    10 |    10 ||    29
       Phial of floods   |       |       |       |     1 |       |     3 |       ||     4
       Box of beasts     |       |       |       |       |     1 |     4 |     1 ||     6
       Condenser vane    |       |       |       |       |       |     5 |     3 ||     8
       Phantom mirror    |       |       |       |       |       |     1 |     2 ||     3
  Use: Scroll            |       |     4 |    13 |    13 |    10 |     8 |    15 ||    63
       Potion            |       |       |       |       |     2 |    12 |    12 ||    26
 Stab: Sleeping          |     2 |     2 |       |       |       |       |       ||     4
       Distracted        |       |     1 |       |     6 |    18 |    18 |    16 ||    59
       Held in net/web   |       |       |       |     1 |       |     2 |       ||     3
       Petrified         |       |       |       |       |     3 |       |       ||     3
       Petrifying        |       |       |       |       |     1 |       |       ||     1
       Paralysed         |       |       |       |       |       |     8 |       ||     8
       Confused          |       |       |       |       |       |     1 |       ||     1
Armor: Leather armour    |    20 |    44 |       |       |       |       |       ||    64
       Scale mail        |       |     1 |    79 |    38 |       |   222 |       ||   340
       Plate armour      |       |       |       |     8 |       |       |       ||     8
       Pearl dragon scal |       |       |       |    35 |   268 |    63 |       ||   366
       Skin              |       |       |       |       |       |     1 |       ||     1
       Ice dragon scales |       |       |       |       |       |    10 |   226 ||   236
Dodge: Dodged            |    41 |   107 |   131 |   217 |   516 |   593 |   484 ||  2089
Block: Other             |       |       |       |    43 |    25 |       |       ||    68
       Reflection        |       |       |       |     3 |    10 |    59 |    66 ||   138
       Buckler           |       |       |       |       |   463 |   687 |   436 ||  1586
       Kite shield       |       |       |       |       |       |       |    66 ||    66

Table legend: (Time is in decaauts)
 A = Elapsed time spent in this place.
 B = Non-inter-level travel time spent in this place.
 C = Inter-level travel time spent in this place.
 D = Time resting spent in this place.
 E = Time spent auto-exploring this place.
 F = Levels seen in this place.
 G = Mean time per level.
                   A        B        C        D        E       F      G
               +--------+--------+--------+--------+--------+-----+--------+
         Total |  50616 |  46394 |   4222 |   9986 |  23601 |  41 | 1234.5 |
       Dungeon |  17696 |  15803 |   1893 |   1842 |  10113 |  15 | 1179.7 |
        Temple |    180 |    166 |     14 |      0 |    158 |   1 |  180.0 |
          Lair |   7755 |   6911 |    844 |    823 |   4534 |   5 | 1551.0 |
        Shoals |   4659 |   4424 |    235 |   1689 |    806 |   4 | 1164.8 |
   Spider Nest |   6350 |   6122 |    228 |   2211 |   2349 |   4 | 1587.5 |
  Orcish Mines |   2673 |   2282 |    391 |    388 |   1155 |   2 | 1336.5 |
   Elven Halls |   4496 |   4049 |    447 |   1210 |   1509 |   3 | 1498.7 |
        Vaults |   4164 |   3997 |    167 |   1232 |   1742 |   3 | 1388.0 |
        Bazaar |    178 |    178 |      0 |      0 |    141 |   1 |  178.0 |
      Ice Cave |    838 |    838 |      0 |     81 |    436 |   1 |  838.0 |
        Wizlab |   1015 |   1015 |      0 |    361 |    401 |   1 | 1015.0 |
      Gauntlet |    606 |    606 |      0 |    146 |    251 |   1 |  606.0 |
               +--------+--------+--------+--------+--------+-----+--------+

Top non-repeatable levels by time:
   Elf:1: 2040 daAuts
  Lair:3: 1940 daAuts
     D:9: 1935 daAuts
Vaults:1: 1887 daAuts
Spider:4: 1871 daAuts
  Lair:5: 1833 daAuts
    D:10: 1780 daAuts
Vaults:2: 1648 daAuts
Spider:1: 1648 daAuts
     D:8: 1614 daAuts
  Lair:2: 1610 daAuts
   Orc:2: 1608 daAuts
Shoals:4: 1602 daAuts
   Elf:3: 1552 daAuts
Spider:3: 1531 daAuts
